 Dungeon Crawl Stone Soup version 0.28-a0-620-g539b0f7ac7 (webtiles) character file.

Game seed: 9159925045514811877

441 Zenkrye the Distorting Palentonga (level 6, -5/50 HPs)
             Began as a Palentonga Abyssal Knight on Oct 6, 2021.
             Was a Believer of Lugonu.
             Slain by an ogre (28 damage)
             ... on level 4 of the Dungeon.
             The game lasted 00:09:25 (4211 turns).

Zenkrye the Distorting Palentonga (PaAK)            Turns: 4211, Time: 00:09:25

Health: -5/50      AC:  9    Str: 17    XL:     6   Next: 70%
Magic:  10/10      EV:  5    Int: 10    God:    Lugonu [**....]
Gold:   173        SH:  5    Dex: 12    Spells: 5/5 levels left

rFire   . . .      SeeInvis +   x - +0 morningstar
rCold   . . .      Faith    .   (no shield)
rNeg    . . .      Spirit   .   p - +0 chain mail
rPois   .          Reflect  +   k - +0 helmet
rElec   .          Harm     .   (no cloak)
rCorr   +          Rampage  .   g - +0 pair of gloves
Will    .....                   (no barding)
Stlth   ..........              c - amulet of reflection
HPRegen 0.16/turn               r - ring of resist corrosion
MPRegen 0.12/turn               (no ring)

@: no status effects
A: large, rugged brown scales 3, see invisible, deformed body, roll 1, armoured
tail
a: Rolling Charge, Renounce Religion, Depart the Abyss, Bend Space


You were on level 4 of the Dungeon.
You worshipped Lugonu.
Lugonu was pleased with you.
You visited 1 branch of the dungeon, and saw 4 of its levels.
You visited the Abyss 1 time.

You collected 173 gold pieces.

Inventory:

Hand Weapons
 q - a +0 hunting sling {@w2}
 x - a +0 morningstar (weapon)
Missiles
 e - 33 poisoned darts (quivered)
 s - a throwing net {!f}
 y - 17 sling bullets
Armour
 b - a +0 leather armour
 g - a +0 pair of gloves (worn)
 k - a +0 helmet (worn)
 n - a +0 ring mail
 p - a +0 chain mail (worn)
Magical Staves
 f - a staff of earth
Jewellery
 c - an amulet of reflection (around neck)
 r - a ring of resist corrosion (left hand)
Scrolls
 i - a scroll of enchant armour {unknown}
 w - a scroll of amnesia {unknown}
Potions
 d - a potion of brilliance
 j - a potion of heal wounds {@q2}
 l - a potion of cancellation {unknown}
 o - a potion of flight {unknown}
 t - a potion of lignification {unknown}
 u - a potion of berserk rage {unknown}
 v - a potion of curing {unknown}


   Skills:
 - Level 3.0 Fighting
 + Level 5.3 Maces & Flails
 - Level 1.5 Armour
 - Level 0.7 Dodging
 + Level 5.7 Invocations


You had 5 spell levels left.
You didn't know any spells.
Your spell library contained the following spells:

 Spells                   Type           Power      Damage    Failure   Level
 Animate Skeleton         Necr           0%         N/A       99%         1
 Apportation              Tloc           0%         N/A       99%         1
 Pain                     Necr           0%         1d4       99%         1
 Summon Small Mammal      Summ           0%         N/A       99%         1
 Passwall                 Tmut/Erth      0%         N/A       100%        2
 Swiftness                Air            0%         N/A       100%        3
 Vampiric Draining        Necr           0%         2d6       100%        3
 Petrify                  Tmut/Erth      0%         N/A       100%        4
 Metabolic Englaciation   Hex/Ice        0%         N/A       100%        5
 Invisibility             Hex            0%         N/A       100%        6
 Statue Form              Tmut/Erth      0%         N/A       100%        6


Dungeon Overview and Level Annotations

Branches:
Dungeon (4/15)
 Temple: D:4-7

Altars:
Qazlal
Trog
Uskayaw
The Shining One

Annotations:
D:3 1 runed translucent door, Crazy Yiuf
D:4 Blork the orc


Innate Abilities, Weirdness & Mutations

You are completely covered in rugged brown scales. (AC +3, +7% HP)
You have supernaturally acute eyesight. (SInv)
Armour fits poorly on your strangely shaped body.
You can roll at nearby foes to attack.
You have a long armoured tail.


Message History

Grinder is severely wounded.
Grinder blinks!
You shoot a sling bullet.
The sling bullet closely misses Grinder.
You shoot a sling bullet. The sling bullet hits Grinder!
You kill Grinder!
Lugonu accepts your kill.
Your Maces & Flails skill increases to level 5!
Your Invocations skill increases to level 5!
You have reached level 6!
Your experience leads to an increase in your attributes!
Increase (s)trength, (i)ntelligence, or (d)exterity?
You feel agile.
y - 10 sling bullets (gained 5)
Okay, then.
Unknown command.
Magic restored.
y - 11 sling bullets (gained 1)
y - 14 sling bullets (gained 3)
y - 15 sling bullets (gained 1)
y - 16 sling bullets (gained 1)
y - 17 sling bullets (gained 1)
y - 18 sling bullets (gained 1)
y - 19 sling bullets (gained 1)
Found a knobbly jewelled staff.
You see here a staff of poison.
An ogre comes into view. It is wielding a +0 giant spiked club.
The ogre shouts!
You shoot a sling bullet. The sling bullet hits the ogre!
The ogre is moderately wounded.
You shoot a sling bullet. The sling bullet hits the ogre!
The ogre is severely wounded.
x - a +0 morningstar (weapon)
The ogre hits you with a +0 giant spiked club!!
Ouch! That really hurt!
You barely miss the ogre.
The ogre is severely wounded.
The ogre hits you with a +0 giant spiked club!!
Ouch! That really hurt!
You die...

#...# .. ###..#. .. ##
#...##. .. ..#.#
##...##. #. #.#.#
#..##..# #( #.#.#
#..##.## #( ##.#.#
#(..#..#
#..##O###....###....##.
#....@.|........#....#
#..######...##(........
##.#######.##.. #.
######.# #[.... #.
#......# #.#... #.
#.###### #.#### #. #.#
########.#### #. #.#
#............ #. #.#
#.##.###.####


You could see an ogre.

Vanquished Creatures
  Grinder (D:4)
  A bullfrog skeleton (D:2)
  A hound (D:4)
  Jessica (D:2)
  Terence (D:3)
  4 adders
  An ufetubus (D:4)
  An adder skeleton (D:4)
  4 worms
  4 dart slugs
  2 orcs
  6 endoplasms
  4 giant cockroaches
  11 goblins
  7 hobgoblins
  2 jackals (D:2)
  6 kobolds
  2 quokkas
  3 ball pythons
  7 bats
  2 frilled lizards (D:1)
  8 rats
  A spectral hobgoblin (D:2)
80 creatures vanquished.

Notes
Turn   | Place    | Note
-------+----------+-------------------------------------------
     0 | Abyss:1  | Zenkrye the Palentonga Abyssal Knight began the quest for
                  | the Orb.
     0 | Abyss:1  | Reached XP level 1. HP: 19/19 MP: 2/2
    14 | D:1      | Escaped the Abyss
   327 | D:1      | Reached XP level 2. HP: 23/25 MP: 3/3
   823 | D:2      | Found a faded altar of an unknown god.
   940 | D:2      | Reached XP level 3. HP: 7/31 MP: 5/5
  1492 | D:2      | Reached ** piety under Lugonu
  1578 | D:2      | Reached XP level 4. HP: 37/37 MP: 6/6
  1644 | D:2      | Noticed Jessica
  1651 | D:2      | Killed Jessica
  1789 | D:2      | Found a stormy altar of Qazlal.
  2436 | D:3      | Found a bloodstained altar of Trog.
  2439 | D:3      | Found a glowing golden altar of the Shining One.
  2439 | D:3      | Noticed Terence
  2446 | D:3      | Killed Terence
  2447 | D:3      | Reached XP level 5. HP: 33/43 MP: 8/8
  2584 | D:3      | Found a runed translucent door.
  2585 | D:3      | Noticed Crazy Yiuf
  3318 | D:4      | Noticed Blork the orc
  3987 | D:4      | Found a hide-covered altar of Uskayaw.
  4058 | D:4      | Noticed Grinder
  4097 | D:4      | Killed Grinder
  4098 | D:4      | Reached skill level 5 in Maces & Flails
  4098 | D:4      | Reached skill level 5 in Invocations
  4098 | D:4      | Reached XP level 6. HP: 37/50 MP: 8/10
  4211 | D:4      | Slain by an ogre

Illustrated notes

Levels and vault maps discovered:
D:1:      wheals_arrival_shading, layout_rooms
D:2:      layout_basic, basic_altar, dreamdust_ecumenical_altar_drowned_temple,
          minmay_pentomino_x4, uniq_jessica
D:3:      layout_rooms, mainiacjoe_overflow_tiny_flanked, lemuel_tele_altar,
          uniq_crazy_yiuf_cottage, uniq_terence
D:4:      layout_loops_ring, amcnicky_altar_gilded, minmay_pentomino_pile,
          uniq_grinder, uniq_blork_the_orc

Skill      XL: |  1  2  3  4  5 |
---------------+----------------+-----
Maces & Flails | 3 4 5 |  5.3
Invocations    | 3 4 5 |  5.7
Fighting       | |  3.0
Armour         | |  1.5
Dodging        | |  0.7

Action                   |  1- 3 |  4- 6 || total
-------------------------+-------+-------++-------
Melee: Mace              |    87 |    32 ||   119
       Tailslap          |     5 |    17 ||    22
       Flail             |       |    97 ||    97
       Morningstar       |       |     8 ||     8
 Fire: Hunting sling     |       |    20 ||    20
Throw: Dart              |    38 |    66 ||   104
 Abil: Rolling Charge    |     2 |     2 ||     4
  Use: Scroll            |     4 |     5 ||     9
       Potion            |       |     1 ||     1
Armor: Leather armour    |    14 |       ||    14
       Chain mail        |    51 |    85 ||   136
       Ring mail         |     3 |       ||     3
Dodge: Dodged            |    34 |    35 ||    69
Block: Other             |    25 |    29 ||    54
       Reflection        |       |     3 ||     3

Table legend: (Time is in decaauts)
 A = Elapsed time spent in this place.
 B = Non-inter-level travel time spent in this place.
 C = Inter-level travel time spent in this place.
 D = Time resting spent in this place.
 E = Time spent auto-exploring this place.
 F = Levels seen in this place.
 G = Mean time per level.
                   A        B        C        D        E       F      G
               +--------+--------+--------+--------+--------+-----+--------+
         Total |   4264 |   4121 |    143 |    117 |   3232 |   5 |  852.8 |
       Dungeon |   4250 |   4107 |    143 |    117 |   3224 |   4 | 1062.5 |
         Abyss |     14 |     14 |      0 |      0 |      8 |   1 |   14.0 |
               +--------+--------+--------+--------+--------+-----+--------+

Top non-repeatable levels by time:
     D:2: 1441 daAuts
     D:3: 1073 daAuts
     D:4: 974 daAuts
     D:1: 761 daAuts
 Abyss:1: 14 daAuts
